 Dungeon Crawl Stone Soup version 0.27.1-1-g398f81649c (webtiles) character file.

Game seed: 2843177337063076641

0 Descartes the Sneak (level 1, -6/10 HPs)
             Began as a Felid Delver on Sept 18, 2021.
             Killed from afar by Blork the orc (7 damage)
             ... with a puff of flame
             ... on level 4 of the Dungeon.
             The game lasted 00:00:38 (152 turns).

Descartes the Sneak (Felid Delver)                   Turns: 152, Time: 00:00:39

Health: -6/10      AC:  1    Str:  8    XL:     1   Next: 0%
Magic:  2/2        EV: 17    Int: 11    God:
Gold:   34         SH:  0    Dex: 17    Spells: 0/0 levels left
                                        Lives:  0   Deaths: 0

rFire    . . .     SeeInvis +     - Unarmed
rCold    . . .     Faith    .   (shield unavailable)
rNeg     . . .     Spirit   .   (armour unavailable)
rPois    .         Reflect  .   (helmet unavailable)
rElec    .         Harm     .   (cloak unavailable)
rCorr    .         Rampage  .   (gloves unavailable)
Will     .....                  (boots unavailable)
Stlth    +++.......             (no amulet)
HPRegen  0.03/turn              (no ring)
MPRegen  0.08/turn              (no ring)

@: quick
A: very small, claws 1, fangs 3, see invisible, speed 1, shaggy fur 1, stealthy
paws, no weapons or thrown items, no armour, multi-lived
a: no special abilities


You were on level 4 of the Dungeon.
You visited 1 branch of the dungeon, and saw 2 of its levels.

You collected 34 gold pieces.

Inventory:

Wands
 e - a wand of digging (3)
Scrolls
 a - a scroll of fog
 b - a scroll of magic mapping
 c - a scroll of fear
 f - a scroll of identify {unknown}
 g - a scroll of acquirement {unknown}
Potions
 d - a potion of haste


   Skills:
 - Level 3.0 Fighting
 - Level 2.6 Dodging
 + Level 6.6 Stealth
 - Level 2.0 Unarmed Combat


You couldn't memorise any spells.
You didn't know any spells.
Your spell library was empty.

Dungeon Overview and Level Annotations

Branches:
Dungeon (5/15)
 Temple: D:4-7

Altars:

Annotations:
D:4 Blork the orc


Innate Abilities, Weirdness & Mutations

You have sharp claws.
You have razor-sharp teeth.
You have supernaturally acute eyesight. (SInv)
You cover ground quickly. (Speed+)
You are covered in fur. (AC +1)
Your paws help you pounce on unaware monsters.
You are incapable of wielding weapons or throwing items.
You cannot wear armour.
You gain extra lives every three experience levels.


Message History

Press ? for a list of commands and other information.
Found a stone staircase leading down.
Found a stone staircase leading down.
Found a scroll labelled UFFENE GIFESU.
Found 18 gold pieces.
Found a stone staircase leading up.
f - a scroll labelled UFFENE GIFESU
Found a stone staircase leading up.
You now have 18 gold pieces.
Found 16 gold pieces.
Found a ring mail.
You now have 34 gold pieces (gained 16).
A water moccasin comes into view.
Found a scroll labelled POYLIA ODDIA.
g - a scroll labelled POYLIA ODDIA An ogre comes into view.
It is wielding a +0 giant club.
The ogre shouts!
There is a stone staircase leading up here.
You climb upwards.
There is a stone staircase leading down here.
Found a giant club.
An iguana comes into view.
Found a scroll labelled NEMEYF DIXZOU.
Found a stone staircase leading up.
Blork the orc comes into view.
He is wielding a +0 flail.
Found a slimy quarterstaff.
You see here a +0 giant club.
The helpless Blork the orc fails to defend himself.
You mangle Blork the orc!!
Blork the orc is severely wounded.
Blork the orc hits you with a +0 flail!
Ouch! That really hurt!
* * * LOW HITPOINT WARNING * * *
The iguana hisses angrily.
You scratch Blork the orc.
Blork the orc is severely wounded.
Blork the orc closely misses you.
You see here a +0 giant club.
Blork the orc casts a spell at you. The puff of flame hits you!
Ouch! That really hurt!
You die...

........#
#.......#
#......?#
#...)...##
#........##
#..o...<...
#..l....###
######).#####
##.^..@.##
####...#####
#.....##
#..###.#
#..#...># #
#.#### #. #


You could see Blork the orc and an iguana.

Vanquished Creatures (others)
  3 plants (D:5)
3 creatures vanquished.

Notes
Turn   | Place    | Note
-------+----------+-------------------------------------------
     0 | D:5      | Descartes the Felid Delver began the quest for the Orb.
     0 | D:5      | Reached XP level 1. HP: 10/10 MP: 2/2
    66 | D:5      | Noticed a water moccasin
   118 | D:5      | Noticed an ogre
   141 | D:4      | Noticed an iguana
   144 | D:4      | Noticed Blork the orc
   152 | D:4      | Killed from afar by Blork the orc

Illustrated notes

Levels and vault maps discovered:
D:4:      layout_rooms, minitemple, uniq_blork_the_orc, uniq_edmund
D:5:      layout_loops_ring, grunt_temple_overflow_gold_and_silver,
          nicolae_elyvilon_peaceful_grove, lemuel_doored_altar, serial_shops,
          shop, chequers_garden, serial_bayou_pond_a, uniq_eustachio

Action                   || total
-------------------------++-------
Melee: Unarmed           ||     2
 Stab: Sleeping          ||     1
Dodge: Dodged            ||     1
